cohdb
Replays
Latest Replays
All Replays
Popular Replays
Top Player Replays
Match Explorer
How It Works
Community
CoH3 Stats
Reddit
Sign in to upload your games and track your stats! →
Sign in with Steam
Match 42476686
Unlisted
Match 42476686
Overview
Messages
Build Orders
End
Pioneer Squad
Selects Breakthrough Battlegroup
Pioneer Squad
Construct Infanterie Kompanie
Grenadier Squad
Grenadier Squad
Selects Assault Grenadiers
Infanterie Officer Quarters
Grenadier Squad
MG 42 Machine Gun Team
Construct Luftwaffe Kompanie
Luftwaffe Officer Quarters
Jäger Squad
Grenadier Squad
Support Elements
Wirbelwind Flakpanzer
Selects Rapid Production
Selects Breakthrough
Selects Blitzkrieg
Jäger Squad
Pioneer Squad
Wirbelwind Flakpanzer
Jäger Squad
Jäger Squad
Medical Bunker
stevomcmuffinman
BIOHAZARD
0
0
Comments
sign in to comment!
No comments posted yet!